 Dungeon Crawl Stone Soup version 0.30-a0-168-g0b976cbdc4 (webtiles) character file.

Game seed: 1666844626987076187

30 bande the Shield-Bearer (level 3, -3/24 HPs)
             Began as a Gargoyle Fighter on Sept 29, 2022.
             Slain by a gnoll
             ... wielding a +0 flail
              (9 damage)
             ... on level 3 of the Dungeon.
             The game lasted 00:01:28 (702 turns).

bande the Shield-Bearer (Gargoyle Fighter)           Turns: 702, Time: 00:01:29

Health: -3/24      AC: 10    Str: 19    XL:     3   Next: 18%
Magic:  3/3        EV:  9    Int:  8    God:
Gold:   23         SH:  4    Dex: 11    Spells: 2/2 levels left

rFire   . . .      SeeInvis .    a - +0 war axe
rCold   . . .      Faith    .    c - +0 buckler
rNeg    + . .      Spirit   .    b - +0 scale mail
rPois   ∞          Reflect  .    (no helmet)
rElec   +          Harm     .    (no cloak)
rCorr   .          Rampage  .    (no gloves)
Will    .....                    (no boots)
Stlth   ..........               (no amulet)
HPRegen 0.08/turn                (no ring)
MPRegen 0.08/turn                (no ring)

@: no status effects
A: sickness immunity, AC +3, negative energy resistance 1, electricity
resistance, torment resistance 1, petrification resistance
a: no special abilities


You were on level 3 of the Dungeon.
You visited 1 branch of the dungeon, and saw 3 of its levels.

You collected 23 gold pieces.

Inventory:

Hand Weapons
 a - a +0 war axe (weapon)
Armour
 b - a +0 scale mail (worn)
 c - a +0 buckler (worn)
Scrolls
 g - a scroll of noise {unknown}
 h - a scroll of identify {unknown}
Potions
 d - a potion of might
 e - a potion of attraction {unknown}
 f - a potion of haste {unknown}


   Skills:
 + Level 3.6 Fighting
 + Level 2.1 Axes
 + Level 3.6 Armour
 + Level 3.7 Shields


You had 2 spell levels left.
You didn't know any spells.
Your spell library was empty.

Dungeon Overview and Level Annotations

Branches:
Dungeon (3/15)

Altars:


Innate Abilities, Weirdness & Mutations

You are immune to sickness and miasma.
Your stone body is resilient. (AC +3)
You are immune to poison.
You resist negative energy. (rN+)
You are resistant to electric shocks. (rElec)
You are resistant to unholy torment.
You are immune to petrification.


Message History

You hit the kobold but do no damage. You barely miss the goblin.
The goblin hits you but does no damage. The kobold hits you but does no damage.
A gnoll comes into view. It is wielding a +0 spear.
The gnoll barely misses you.
The gnoll shouts!
You hit the gnoll.
The gnoll is severely wounded.
You slash the kobold!
You kill the kobold!
You barely miss the goblin.
You hear an angry hiss.
You block the goblin's attack. The gnoll barely misses you.
The endoplasm hits you. The gnoll barely misses you.
The gnoll hits you but does no damage. You block the goblin's attack.
The goblin throws a stone.
The stone hits you but does no damage. The gnoll hits you with a +0 flail.
You block the gnoll's attack. The gnoll barely misses you.
The endoplasm attacks as you move away! The endoplasm hits you.
The gnoll attacks as you move away! The gnoll barely misses you.
The gnoll attacks as you move away! The gnoll hits you with a +0 flail.
The gnoll misses you.
There is a stone staircase leading down here.
The gnoll barely misses you.
You climb downwards.
There is a stone staircase leading up here.
Unknown command.
You closely miss the gnoll. The gnoll hits you with a +0 flail.
You hit the gnoll but do no damage. The gnoll hits you with a +0 flail.
* * * LOW HITPOINT WARNING * * *
The gnoll closely misses you.
You slash the gnoll!
The gnoll is severely wounded.
The gnoll hits you but does no damage.
You closely miss the gnoll.
The gnoll is severely wounded.
You block the gnoll's attack.
You hit the gnoll.
The gnoll is almost dead.
The gnoll closely misses you. The gnoll hits you with a +0 flail!
You die...

.# .# .#
.## .. .#
##.###..#
#@g.....#
##.##....
## #


You could see a gnoll.

Vanquished Creatures
  An adder (D:2)
  A worm (D:2)
  A bat (D:1)
  3 endoplasms
  2 goblins (D:1)
  A hobgoblin (D:1)
  3 quokkas
  2 ball pythons (D:2)
  A kobold (D:2)
  A rat (D:2)
16 creatures vanquished.

Notes
Turn   | Place    | Note
-------+----------+-------------------------------------------
     0 | D:1      | bande the Gargoyle Fighter began the quest for the Orb.
     0 | D:1      | Reached XP level 1. HP: 14/14 MP: 1/1
   102 | D:1      | Reached XP level 2. HP: 12/19 MP: 2/2
   287 | D:1      | Found a faded altar of an unknown god.
   306 | D:1      | You fall into a shaft and drop 1 floor!
   546 | D:2      | Reached XP level 3. HP: 21/24 MP: 3/3
   702 | D:3      | Slain by a gnoll

Illustrated notes

Levels and vault maps discovered:
D:1:      minmay_arrival_stone_box, layout_loops_ring,
          hellmonk_ecumenical_altar_inner_sanctum
D:2:      layout_loops_cross
D:3:      layout_basic, nzn_wu_jian_council_hall

Skill      XL: |  1  2 |
---------------+-------+-----
Axes           | 2 |  2.1
Fighting       | |  3.6
Armour         | |  3.6
Shields        | |  3.7

Action                   || total
-------------------------++-------
Melee: War axe           ||    48
Armor: Scale mail        ||    30
Dodge: Dodged            ||    32
Block: Buckler           ||    12

Table legend: (Time is in decaauts)
 A = Elapsed time spent in this place.
 B = Non-inter-level travel time spent in this place.
 C = Inter-level travel time spent in this place.
 D = Time resting spent in this place.
 E = Time spent auto-exploring this place.
 F = Levels seen in this place.
 G = Mean time per level.
                   A        B        C        D        E       F      G
               +--------+--------+--------+--------+--------+-----+--------+
         Total |    722 |    722 |      0 |      0 |    595 |   3 |  240.7 |
       Dungeon |    722 |    722 |      0 |      0 |    595 |   3 |  240.7 |
               +--------+--------+--------+--------+--------+-----+--------+

Top non-repeatable levels by time:
     D:2: 402 daAuts
     D:1: 314 daAuts
     D:3: 6 daAuts
